 Dungeon Crawl Stone Soup version 0.20-a0-517-g5f97612 (webtiles) character file.

66150 Klosterheim the Severer (level 14, -3/114 HPs)
             Began as a Demonspawn Abyssal Knight on Jan 23, 2017.
             Was a High Priest of Lugonu.
             Killed by divine providence
             ... invoked by a meliai
              (9 damage)
             ... on level 1 of the Spider Nest on Jan 24, 2017.
             The game lasted 01:31:47 (36576 turns).

Klosterheim the Severer (DsAK)                     Turns: 36576, Time: 01:31:48

Health: -3/114     AC: 30    Str: 21 (22) XL:     14   Next: 78%
Magic:  22/29      EV:  9    Int: 14      God:    Lugonu [*****.]
Gold:   1451       SH:  5    Dex: 10      Spells: 13/13 levels left

rFire    + . .     SeeInvis .   r - +2 war axe (chop)
rCold    . . .     Gourm    .   y - +10 chain mail of the Game Afoot {Str+6 Dex-4}
rNeg     . . .     Faith    .   C - +0 buckler
rPois    +         Spirit   .   (no helmet)
rElec    .         Reflect  .   I - +2 cloak of the Many Dances {rPois rF+}
rCorr    .         Harm     .   i - +0 pair of gloves
MR       +....                  B - +0 pair of boots
Stlth    ..........             U - amulet of rage
Regen    0.3/turn               t - ring of stealth
                                M - ring of magical power

@: starving
A: talons 1, molten scales 1, demonic guardian 1, foul stench 1, rot immunity
a: Depart the Abyss, Bend Space, Banish, Corrupt, Enter the Abyss, Renounce
Religion, Evoke Berserk Rage


You were on level 1 of the Spider Nest.
You worshipped Lugonu.
Lugonu was extremely pleased with you.
You were starving.

You visited 4 branches of the dungeon, and saw 20 of its levels.
You visited the Abyss 2 times.

You collected 1920 gold pieces.
You spent 469 gold pieces at shops.

Inventory:

Hand Weapons
 r - a +2 war axe of chopping (weapon)
Armour
 i - a +0 pair of gloves (worn)
 y - the +10 chain mail of the Game Afoot (worn) {Str+6 Dex-4}
   (You found it on level 9 of the Dungeon)

   It affects your strength (+6).
   It affects your dexterity (-4).
 B - a +0 pair of boots (worn)
 C - a +0 buckler (worn)
 I - the +2 cloak of the Many Dances (worn) {rPois rF+}
   (You bought it in a shop on level 2 of the Orcish Mines)

   It protects you from fire.
   It protects you from poison.
 P - the +4 scale mail of Tenacity {*Drain rN++ Dex+6}
   (You found it on level 4 of the Lair of Beasts)

   It affects your dexterity (+6).
   It greatly protects you from negative energy.
   It causes draining when unequipped.
 V - a +2 cloak of magic resistance
Jewellery
 t - a ring of stealth (right hand)
 M - a ring of magical power (left hand)
 U - an amulet of rage (around neck)
 Z - an uncursed amulet of the gourmand {unknown}
Wands
 a - a wand of iceblast (1/15)
 m - a wand of acid (6/15)
 n - a wand of confusion (34/48)
 E - a wand of acid (9/15)
 H - a wand of acid (8/15)
Scrolls
 b - 2 scrolls of fog
 d - 2 scrolls of magic mapping
 g - a scroll of identify
 j - 3 scrolls of teleportation
 l - 4 scrolls of fear
 p - 3 scrolls of amnesia
 u - 4 scrolls of enchant armour
 v - 3 scrolls of recharging
 w - 15 scrolls of remove curse
 G - 2 scrolls of blinking
 J - 3 scrolls of enchant weapon
Potions
 e - 6 potions of heal wounds
 h - 4 potions of haste
 o - 2 potions of invisibility
 q - 2 potions of cancellation
 s - 3 potions of flight
 x - a potion of berserk rage
 z - 3 potions of might
 A - 7 potions of curing
 X - a potion of lignification
Comestibles
 c - a bread ration
 f - 8 royal jellies
 k - 10 meat rations
 S - 18 fruits


   Skills:
 + Level 11.9 Fighting
 * Level 16.5 Axes
 - Level 10.4 Armour
 + Level 4.1 Dodging
 - Level 5.2 Shields
 - Level 9.0 Invocations


You had 13 spell levels left.
You didn't know any spells.

Dungeon Overview and Level Annotations

Branches:
Dungeon (11/15)            Temple (0/1) D:4            Lair (6/6) D:8
  Swamp (0/4) Lair:4       Spider (1/4) Lair:2        Slime (0/5) Lair:6
    Orc (2/2) D:11            Elf (0/3) Orc:2

Altars:
Ashenzari
Elyvilon
Kikubaaqudgha
Xom
The Shining One
Beogh
Jiyva

Shops:
D:4 ?   D:5 *   D:9 ?[[**   D:10 !   Orc:2 [:*([

Annotations:
D:9 corrupted
Lair:6 corrupted, 1 runed door
Spider:1 corrupted


Innate Abilities, Weirdness & Mutations

You have sharp toenails.
You are partially covered in molten scales. (AC +2)
A weak demonic guardian rushes to your aid.
You may emit foul miasma when damaged in melee.
You are immune to rotting.


Message History

The killer bee is engulfed in dark miasma.
The killer bee is poisoned.
The killer bee stings you but does no damage.
You block the killer bee's attack.
The meliai invokes the aid of its god against you.
Something smites you!
* * * LOW HITPOINT WARNING * * *
The killer bee stings the tentacled starspawn.
The killer bee stings you but does no damage.
The killer bee looks sick.
The killer bee stings the small abomination.
The killer bee stings you but does no damage.
The killer bee stings you.
* * * LOW HITPOINT WARNING * * *
The killer bee stings your white imp.
Your white imp dies!
The killer bee stings you but does no damage.
The meliai mumbles some strange prayers to its god against you.
Something smites you!
You die...

%................#.....
#..#.................
%..#..§...^..##.........
y%y......#...e....X.....
y%.#....yX#.X.X..#......
%.%.....yy.y..#....#....
.#.#..y.y#yyy..Z..5...#.
.......Vyyyyyyy...3.....
##.#.......yyy@y....X.....
###..........yyyy..#X.......
...........##.#yx...x#...#..
#.............#..G.....x.....
#.......)........3............
#.^#..........#....3<.#.......
#.#>.....^....#..)...#........
#..........†.................
##..#....#...................


You could see a queen bee, 3 meliai, 21 killer bees, a neutral starcursed mass,
3 neutral tentacled starspawn, a neutral deep elf elementalist, a neutral
vampire mage, a neutral thrashing horror, a neutral large abomination, a neutral
worldbinder, a neutral eye of draining, 2 neutral smoke demons, a neutral
neqoxec, 2 neutral small abominations, a neutral quasit and a neutral fire
dragon skeleton.

Vanquished Creatures
  A ghost moth (Lair:2)
  Snorg (Lair:6)
  4 catoblepae (Lair:6)
  A hydra (Lair:6)
  2 two-headed ogres (D:11)
  6 death yaks (Lair:6)
  2 orc high priests
  Sonja (Lair:4)
  6 wizards (D:10)
  Pikel (D:8)
  4 orc knights
  2 wolf spiders
  4 orc sorcerers
  6 elephants
  2 ugly things (D:11)
  A manticore (Lair:6)
  Maurice (D:9)
  2 black mambas (Lair:4)
  12 spiny frogs
  5 komodo dragons
  A rime drake (Lair:6)
  A demonic crawler (Lair:2)
  A polar bear (Lair:6)
  3 trolls
  3 hornets
  17 blink frogs
  7 dream sheep
  9 hippogriffs
  A small abomination (Abyss:2)
  2 tarantellas
  A shadow (D:11)
  2 wyverns
  38 yaks
  3 basilisks
  A steam dragon (Lair:6)
  6 wargs
  5 insubstantial wisps
  An acid dragon (D:11)
  13 soldier ants
  12 water moccasins
  7 porcupines
  37 orc warriors
  4 sky beasts
  A slave (D:8)
  2 phantoms (D:8)
  6 ice beasts
  12 ogres
  A necrophage (D:7)
  17 wolves
  3 centaurs
  14 crocodiles
  A big kobold (D:9)
  6 bullfrogs
  A water moccasin zombie (D:8)
  3 scorpions
  4 killer bees
  An electric eel (Lair:6)
  A howler monkey (D:10)
  8 crimson imps
  A quasit (D:11)
  5 jellies
  23 orc wizards
  20 orc priests
  5 bullfrog skeletons
  4 hounds
  A centaur skeleton (D:10)
  37 worker ants
  A hound zombie (D:10)
  A hound skeleton (D:5)
  A killer bee simulacrum (D:8)
  A worker ant zombie (D:9)
  Robin (D:1)
  16 adders
  A hound simulacrum (D:8)
  3 shadow imps
  A white imp (D:8)
  An ooze (D:1)
  3 adder skeletons
  3 adder zombies
  3 dart slugs
  3 worms
  9 leopard geckos
  53 orcs
  4 bats
  3 giant cockroaches
  5 hobgoblins (D:2)
  3 iguanas
  6 jackals
  9 kobolds
  6 quokkas
  2 ball pythons
  4 frilled lizards
  18 goblins
  A leopard gecko simulacrum (D:8)
  2 leopard gecko skeletons
  3 quokka skeletons
  A quokka zombie (D:6)
  8 rats
  4 fungi
  4 plants
600 creatures vanquished.

Vanquished Creatures (collateral kills)
  A death yak (Lair:6)
  A wizard (D:10)
  An orc knight (Orc:2)
  An orc sorcerer (Orc:2)
  2 centaur skeletons
  2 hippogriffs
  3 blink frogs
  3 dream sheep (Lair:6)
  3 yaks
  A water moccasin (Lair:1)
  A porcupine (Lair:4)
  2 ice beasts (D:8)
  An orc warrior (D:6)
  3 ogres
  A black bear (D:8)
  2 wolves
  A crocodile (Lair:6)
  5 bullfrogs
  A wyvern zombie (D:6)
  A scorpion (D:4)
  A howler monkey (D:10)
  An orc priest (D:8)
  4 orc wizards
  A hound (D:4)
  3 worker ants
  6 orcs
  A jackal (D:8)
  A butterfly (Lair:4)
54 creatures vanquished.

Vanquished Creatures (others)
  An orc warlord (Orc:2)
  A fire dragon (Lair:6)
  2 two-headed ogres
  A queen ant (D:8)
  An orc high priest (Orc:2)
  2 wizards (D:10)
  An orb spider (Lair:2)
  A salamander (Lair:6)
  A manticore (Lair:6)
  2 cyclopes
  6 elephants (Lair:6)
  3 black mambas
  A gargoyle (D:11)
  10 rime drakes (Lair:6)
  A spiny frog (Lair:1)
  A polar bear (D:8)
  A hornet (D:8)
  5 yaks (Lair:6)
  10 steam dragons (Lair:6)
  3 slaves (D:8)
  2 wolves (D:8)
  A crocodile (Lair:6)
  A bullfrog zombie (D:9)
  An orc priest (D:9)
  A leopard gecko (D:9)
  3 orcs
  A bush (Lair:6)
  12 fungi
  10 plants
  3 starspawn tentacles (Lair:6)
89 creatures vanquished.

Grand Total: 743 creatures vanquished

Notes
Turn   | Place    | Note
-------+----------+-------------------------------------------
     0 | Abyss:1  | Klosterheim the Demonspawn Abyssal Knight began the quest for the Orb.
     0 | Abyss:1  | Reached XP level 1. HP: 18/18 MP: 2/2
   126 | D:1      | Escaped the Abyss
   429 | D:1      | Reached skill level 2 in Axes
   597 | D:1      | Gained mutation: A weak demonic guardian rushes to your aid. [demonic ancestry]
   597 | D:1      | Reached XP level 2. HP: 24/24 MP: 3/3
   897 | D:2      | Noticed Robin
  1226 | D:2      | Gained mutation: You are partially covered in molten scales. (AC +2) [demonic ancestry]
  1226 | D:2      | Reached XP level 3. HP: 26/29 MP: 4/4
  1311 | D:1      | Killed Robin
  1367 | D:2      | Reached skill level 3 in Axes
  1373 | D:2      | Reached ** piety under Lugonu
  1668 | D:2      | Found a shattered altar of Ashenzari.
  1668 | D:2      | Found an ancient bone altar of Kikubaaqudgha.
  1732 | D:2      | Reached XP level 4. HP: 31/37 MP: 5/5
  2629 | D:3      | Reached skill level 4 in Axes
  2629 | D:3      | Reached XP level 5. HP: 38/42 MP: 6/6
  2653 | D:3      | Found a faded altar of an unknown god.
  3241 | D:4      | Noticed an ogre
  3252 | D:3      | Killed an ogre
  3572 | D:4      | Gained mutation: You have sharp toenails. [demonic ancestry]
  3572 | D:4      | Reached XP level 6. HP: 42/49 MP: 7/7
  3776 | D:4      | Reached skill level 5 in Axes
  3779 | D:4      | Found a shimmering altar of Xom.
  4101 | D:4      | Found a white marble altar of Elyvilon.
  4257 | D:4      | Found Gashod's Magic Scroll Shoppe.
  4259 | D:4      | Found a staircase to the Ecumenical Temple.
  4266 | D:4      | Reached *** piety under Lugonu
  4266 | D:4      | Reached skill level 5 in Fighting
  4435 | D:5      | Entered Level 5 of the Dungeon
  4461 | D:5      | Noticed a sky beast
  4510 | D:5      | Killed a sky beast
  4510 | D:5      | Reached XP level 7. HP: 25/56 MP: 8/8
  4882 | D:5      | Found Ufant's Assorted Antiques.
  5310 | D:5      | Upgraded the game from 0.20-a0-513-g02c11fc to 0.20-a0-517-g5f97612
  5315 | D:5      | Reached skill level 6 in Axes
  6796 | D:6      | Reached skill level 7 in Axes
  7037 | D:5      | Reached XP level 8. HP: 62/64 MP: 9/9
  7065 | D:5      | Reached **** piety under Lugonu
  8312 | D:7      | Reached skill level 8 in Axes
  8655 | D:7      | Reached skill level 5 in Invocations
  8857 | D:8      | Gained mutation: You are immune to rotting. [demonic ancestry]
  8857 | D:8      | Reached XP level 9. HP: 58/69 MP: 12/12
  8955 | D:8      | Noticed Pikel
  8988 | D:8      | Killed Pikel
  8988 | D:8      | Reached skill level 9 in Axes
 10574 | D:8      | Reached skill level 5 in Armour
 10576 | D:8      | Noticed a polar bear
 10579 | D:8      | Banished a polar bear
 10579 | D:8      | Reached skill level 10 in Axes
 10729 | D:8      | Reached XP level 10. HP: 34/76 MP: 15/15
 11065 | D:8      | Found a staircase to the Lair.
 11122 | Lair:1   | Entered Level 1 of the Lair of Beasts
 11122 | Lair:1   | Noticed a black mamba
 11135 | D:8      | Banished a black mamba
 12385 | D:8      | Reached skill level 11 in Axes
 12695 | D:8      | Noticed a cyclops
 13067 | Lair:1   | Noticed a black mamba
 13077 | Lair:1   | Banished a black mamba
 13086 | Lair:1   | Noticed a spiny frog
 13093 | Lair:1   | Banished a spiny frog
 13474 | D:8      | Noticed a two-headed ogre
 13719 | D:8      | Banished a two-headed ogre
 13909 | Lair:1   | Reached XP level 11. HP: 42/83 MP: 16/16
 14576 | Lair:1   | Reached skill level 12 in Axes
 15173 | Lair:2   | Found a hole to the Spider Nest.
 15173 | Lair:2   | Noticed an orb spider
 15174 | Lair:2   | Banished an orb spider
 15948 | Lair:2   | Found a glowing golden altar of the Shining One.
 19484 | D:8      | Noticed a queen ant
 19486 | D:8      | Reached skill level 13 in Axes
 19503 | D:8      | Banished a queen ant
 19993 | D:9      | Reached XP level 12. HP: 90/94 MP: 18/18
 20072 | D:9      | Found Xigg's Armour Shop.
 20124 | D:9      | Reached ***** piety under Lugonu
 20127 | D:9      | Noticed a two-headed ogre
 20141 | D:9      | Corrupted D:9
 20145 | D:9      | Noticed a rakshasa
 20151 | D:9      | Killed a two-headed ogre
 20171 | D:9      | Noticed a starcursed mass
 20179 | D:9      | Noticed a tentacled starspawn
 20211 | D:9      | Found Herghim's Magic Scroll Shoppe.
 20456 | D:9      | Found Gudum's Antique Armour Boutique.
 20509 | D:9      | Found Anluohen's Assorted Antiques.
 20524 | D:9      | Found Kilo's Assorted Antiques.
 20563 | D:9      | Bought a dented sapphire amulet for 120 gold pieces
 20569 | D:9      | Noticed Maurice
 20594 | D:9      | Killed Maurice
 20804 | D:10     | Entered Level 10 of the Dungeon
 20899 | D:10     | Paralysed by a wizard for 3 turns
 21647 | D:10     | Cast into level 2 of the Abyss (a wizard)
 21647 | Abyss:2  | Found a corrupted altar of Lugonu.
 21786 | Abyss:2  | Noticed a starcursed mass
 21857 | Abyss:2  | Noticed a tentacled starspawn
 21860 | D:10     | Escaped the Abyss
 22673 | D:10     | Found Jarch's Distillery.
 22676 | D:10     | Bought a potion of heal wounds for 55 gold pieces
 22682 | D:10     | You fall through a shaft!
 22692 | D:11     | Noticed a two-headed ogre
 22701 | D:11     | Killed a two-headed ogre
 23364 | D:11     | Reached skill level 14 in Axes
 23841 | D:11     | Found a staircase to the Orcish Mines.
 23958 | D:9      | Got a smoking chain mail
 23969 | D:9      | Identified the +10 chain mail of the Game Afoot {Str+6 Dex-4} (You found it on level 9 of the Dungeon)
 24767 | Orc:1    | Entered Level 1 of the Orcish Mines
 24815 | D:11     | Noticed a two-headed ogre
 24828 | D:11     | Killed a two-headed ogre
 25127 | Orc:1    | Noticed an orc high priest
 25284 | Orc:1    | Killed an orc high priest
 25284 | Orc:1    | Gained mutation: You may emit foul miasma when damaged in melee. [demonic ancestry]
 25284 | Orc:1    | Reached XP level 13. HP: 69/103 MP: 19/19
 25331 | Orc:1    | Reached skill level 10 in Fighting
 26241 | Orc:2    | Entered Level 2 of the Orcish Mines
 26357 | Orc:2    | Found a staircase to the Elven Halls.
 26685 | Orc:2    | Reached skill level 10 in Armour
 27247 | Orc:2    | Reached skill level 1 in Shields
 27394 | Orc:2    | Paralysed by an orc sorcerer for 4 turns
 27403 | Orc:2    | Paralysed by an orc sorcerer for 6 turns
 28385 | Orc:2    | Paralysed by an orc sorcerer for 5 turns
 28970 | Orc:2    | Found a roughly hewn altar of Beogh.
 29000 | Orc:2    | Reached skill level 15 in Axes
 29268 | Orc:2    | Noticed an orc warlord
 29283 | Orc:2    | Banished an orc warlord
 29500 | Orc:2    | Found Ehih Soytz's Book Boutique.
 29582 | Orc:2    | Found Omoz Biump's Antique Armour Shoppe.
 29623 | Orc:2    | Found Urocs's Antique Weapon Boutique.
 29638 | Orc:2    | Found Sazeq's General Store.
 29654 | Orc:2    | Found Yxinit's Antique Armour Boutique.
 29661 | Orc:2    | Bought a crude cloak for 294 gold pieces
 29772 | Orc:2    | Identified the +2 cloak of the Many Dances {rPois rF+} (You bought it in a shop on level 2 of the Orcish Mines)
 30445 | Lair:4   | Found a staircase to the Swamp.
 30961 | Lair:4   | Noticed Sonja
 30983 | Lair:4   | Killed Sonja
 31540 | Lair:4   | Got a translucent scale mail
 31551 | Lair:4   | Identified the +4 scale mail of Tenacity {*Drain rN++ Dex+6} (You found it on level 4 of the Lair of Beasts)
 32800 | Lair:5   | Reached XP level 14. HP: 111/111 MP: 20/20
 32963 | Lair:6   | Entered Level 6 of the Lair of Beasts
 32963 | Lair:6   | Noticed Snorg
 32970 | Lair:6   | Killed Snorg
 33084 | Lair:6   | Corrupted Lair:6
 33084 | Lair:6   | Noticed a tentacled starspawn
 33090 | Lair:6   | Noticed a bone dragon
 33090 | Lair:6   | Reached skill level 5 in Shields
 33093 | Lair:6   | Noticed a red very ugly thing
 33111 | Lair:6   | Noticed a starcursed mass
 33681 | Lair:6   | Reached skill level 1 in Dodging
 34204 | Lair:6   | Reached skill level 16 in Axes
 34473 | Lair:6   | Found a runed door.
 34474 | Lair:6   | Found a viscous altar of Jiyva.
 34475 | Lair:6   | Noticed an azure jelly
 34476 | Lair:6   | Found a staircase to the Slime Pits.
 34476 | Lair:6   | Noticed an azure jelly
 34477 | Lair:6   | Noticed an azure jelly
 34701 | Lair:6   | Reached ****** piety under Lugonu
 36132 | Spider:1 | Entered Level 1 of the Spider Nest
 36151 | Lair:2   | Killed a ghost moth
 36576 | Spider:1 | Corrupted Spider:1
 36576 | Spider:1 | Noticed a tentacled starspawn
 36576 | Spider:1 | Noticed a tentacled starspawn
 36576 | Spider:1 | Noticed a deep elf elementalist
 36576 | Spider:1 | Noticed a tentacled starspawn
 36576 | Spider:1 | Killed from afar by a meliai

Vault maps used:
D:1:      dpeg_arrival_three_smaller_balls, serial_bayou_pond_a,
          chequers_big_river, minmay_misc_feat_pillars,
          minmay_misc_feat_nine_boxes
D:2:      gammafunk_temple_overflow_elements, first_bread, minmay_tromino_v2,
          uniq_robin
D:3:      chequers_ecumenical_altar_simple_redux
D:4:      nicolae_overflow_hidden_temple, serial_shops, shop, dk_xom_monty_hall
D:5:      serial_shops, shop
D:8:      erik_lair_orcish_takeover, serial_ice, serial_ice_d, serial_ice_b,
          serial_ice_a, serial_ice_n, serial_ice_m, serial_ice_i, serial_ice_o,
          zaba_anthell, uniq_pikel
D:9:      serial_shops, shop, shop_statue, nicolae_shop_trees,
          kennysheep_mini_moat, nicolae_shop_overgrown_old_shop, uniq_maurice
D:10:     minmay_smoke_and_mirrors, serial_shops, shop
D:11:     david_orc_2
Lair:2:   nicolae_spider_entry_orb_guardian, basic_altar
Lair:3:   minmay_holes, wad_woods_river_01
Lair:4:   minmay_swamp_entry_wisps, lemuel_fruit_tree, lemuel_fruit_fields,
          lemuel_fruit_fields, uniq_sonja
Lair:6:   evilmike_catoblepas_cave, slime_altar_2, bobbens_dragon_lair_wall,
          infiniplex_staircase_pool, uniq_snorg
Spider:1: special_room, uniq_donald
Orc:1:    enter_volcano_4, nicolae_orc_tapped_out
Orc:2:    grunt_orc_cross, serial_shops, shop
Abyss:1:  evilmike_abyss_exit_7
Abyss:2:  hangedman_abyss_sting

Skill      XL: |  1  2  3  4  5  6  7  8  9 10 11 12 13 14 |
---------------+-------------------------------------------+-----
Axes           | 2 3 4 5 7 8 10 11 13 14 15 16 | 16.5
Fighting       | 4 5 6 8 9 10 11 | 11.9
Armour         | 3 5 6 8 9 10 | 10.4
Invocations    | 5 7 8 9 |  9.0
Shields        | 4 5 |  5.2
Dodging        | 4 |  4.1

Action                   |  1- 3 |  4- 6 |  7- 9 | 10-12 | 13-15 || total
-------------------------+-------+-------+-------+-------+-------++-------
Melee: Hand axe          |    85 |   226 |   217 |       |       ||   528
       Kick              |       |    29 |    48 |       |       ||    77
       War axe           |       |       |   246 |  1069 |  1022 ||  2337
Invok: Bend Space        |       |       |     8 |     7 |     1 ||    16
       Banish            |       |       |     2 |    16 |     2 ||    20
       Corrupt           |       |       |       |     1 |     2 ||     3
       Depart the Abyss  |       |       |       |     1 |       ||     1
 Abil: Evoke Berserk Rag |       |       |       |     2 |     2 ||     4
Evoke: Wand              |       |       |       |       |     7 ||     7
  Use: Scroll            |       |     5 |     6 |    11 |     3 ||    25
       Potion            |       |       |       |     5 |     4 ||     9
 Stab: Sleeping          |       |     5 |       |       |       ||     5
       Distracted        |       |     1 |     4 |     6 |     9 ||    20
  Eat: Chunk             |     3 |     8 |    16 |    38 |    34 ||    99
       Fruit             |       |       |     1 |     4 |       ||     5
       Bread ration      |       |       |     1 |     3 |     1 ||     5
Armor: Ring mail         |    45 |   102 |    34 |       |       ||   181
       Scale mail        |       |       |   185 |   418 |       ||   603
       Chain mail        |       |       |       |   222 |   658 ||   880
       Plate armour      |       |       |       |     1 |       ||     1
Dodge: Dodged            |    51 |   119 |   184 |   394 |   311 ||  1059
Block: Buckler           |       |       |       |       |   147 ||   147
